 Dungeon Crawl Stone Soup version 0.27.1-1-g398f81649c (webtiles) character file.

Game seed: 16608961271356770641

6704 MisterFreud the Blocker (level 9, -4/74 HPs)
             Began as a Gnoll Fighter on Sept 16, 2021.
             Was an Elder of Ru.
             Slain by a polar bear (14 damage)
             ... in an ice cave.
             The game lasted 00:17:53 (15129 turns).

MisterFreud the Blocker (Gnoll Fighter)            Turns: 15129, Time: 00:17:54

Health: -4/74      AC:  9    Str: 15    XL:     9   Next: 3%
Magic:  10/17      EV: 11    Int: 14    God:    Ru [****..]
Gold:   701        SH: 16    Dex:  9    Spells: 14/18 levels left

rFire    . . .     SeeInvis .   q - +2 club (spect)
rCold    + . .     Faith    .   c - +1 kite shield
rNeg     . . .     Spirit   .   j - +0 acid dragon scales
rPois    .         Reflect  +   (no helmet)
rElec    .         Harm     .   (no cloak)
rCorr    +         Rampage  .   I - +0 pair of gloves
Will     ++...                  (no boots)
Stlth    ++........             g - amulet of Butchery {Reflect +Inv rF+ Dex-3 Slay+3 SH+5}
HPRegen  0.22/turn              u - ring of ice
MPRegen  0.15/turn              z - ring of the Mage {Wiz Will++ Int+3}

@: very slightly contaminated
A: fangs 1, no fire magic, no hexes magic, no necromancy magic, unskilled 1,
inexperienced 1, strong nose, distributed training
a: Renounce Religion, Evoke Invisibility, Draw Out Power, Power Leap


You were in an ice cave.
You worshipped Ru.
Ru was greatly pleased with you.
You visited 3 branches of the dungeon, and saw 13 of its levels.
You also visited: Ice Cave.

You collected 701 gold pieces.

Inventory:

Hand Weapons
 a - a +0 rapier
 l - a +2 rapier of venom
 q - a +2 spectral club (weapon)
Missiles
 x - 28 poisoned darts (quivered)
 y - 12 boomerangs
 F - a throwing net
 J - a curare-tipped dart
Armour
 b - a +0 scale mail
 c - a +1 kite shield (worn)
 j - +0 acid dragon scales (worn)
 I - a +0 pair of gloves (worn)
Jewellery
 f - a +6 ring of dexterity
 g - the amulet of Butchery (around neck) {Reflect +Inv rF+ Dex-3 Slay+3 SH+5}
   (You acquired it on level 9 of the Dungeon)

   [amulet of reflection]

   It reflects blocked missile attacks.
   Dex:       It affects your dexterity (-3).
   Slay:      It affects your accuracy & damage with ranged weapons and melee
   (+3).
   rF:        It protects you from fire.
   +Inv:      It lets you turn invisible.
   SH:        It affects your SH (+5).
 h - a ring of resist corrosion
 u - a ring of ice (left hand)
 w - a +4 ring of protection
 z - the ring of the Mage (right hand) {Wiz Will++ Int+3}
   (You found it on level 4 of the Dungeon)

   [ring of wizardry]

   It improves your spell success rate.
   Int:       It affects your intelligence (+3).
   Will:      It greatly increases your willpower.
Wands
 e - a wand of digging (6)
 E - a wand of mindburst (31)
 G - a wand of polymorph (8)
 H - a wand of flame (38)
 M - a wand of acid (3)
Scrolls
 n - 3 scrolls of fog
 o - a scroll of summoning {unknown}
 r - a scroll of blinking
 t - a scroll of enchant armour
 v - a scroll of immolation
 C - a scroll of fear
 D - 2 scrolls of amnesia
 K - a scroll of teleportation
 L - a scroll of brand weapon {unknown}
 N - a scroll of vulnerability
 O - a scroll of magic mapping {unknown}
Potions
 d - 2 potions of might
 i - 3 potions of lignification
 k - a potion of attraction {unknown}
 m - a potion of curing
 p - 2 potions of cancellation
 s - a potion of invisibility
 A - a potion of flight


   Skills:
 + Level 8.1 Fighting
 + Level 6.8 Short Blades
 + Level 5.3 Long Blades
 + Level 5.3 Axes
 + Level 5.3 Maces & Flails
 + Level 5.3 Polearms
 + Level 5.3 Staves
 + Level 5.3 Slings
 + Level 5.3 Bows
 + Level 5.3 Crossbows
 + Level 5.3 Throwing
 + Level 8.1 Armour
 + Level 5.3 Dodging
 + Level 5.3 Stealth
 + Level 8.1 Shields
 + Level 5.3 Unarmed Combat
 + Level 5.3 Spellcasting
 + Level 4.4 Conjurations
   Level 0.0 Hexes
 + Level 4.4 Summonings
   Level 0.0 Necromancy
 + Level 4.4 Translocations
 + Level 4.4 Transmutations
   Level 0.0 Fire Magic
 + Level 4.4 Ice Magic
 + Level 4.4 Air Magic
 + Level 4.4 Earth Magic
 + Level 4.4 Poison Magic
 + Level 5.8 Invocations
 + Level 5.3 Evocations


You had 14 spell levels left.
You knew the following spells:

 Your Spells              Type           Power      Damage    Failure   Level
a - Summon Lightning Spi  Summ/Air       16%        N/A       32%         4

Your spell library contained the following spells:

 Spells                   Type           Power      Damage    Failure   Level
 Summon Small Mammal      Summ           64%        N/A       3%          1
 Stone Arrow              Conj/Erth      32%        3d9       11%         3
 Iron Shot                Conj/Erth      8%         9d3       99%         6
 Statue Form              Tmut/Erth      10%        N/A       99%         6
 Summon Hydra             Summ           8%         N/A       100%        7
 Summon Horrible Things   Summ           8%         N/A       100%        8
 Dazzling Flash           Conj/Hex       Unusable   N/A       N/A         3
 Animate Dead             Necr           Unusable   N/A       N/A         4
 Borgnjor's Vile Clutch   Necr/Erth      Unusable   N/A       N/A         5
 Silence                  Hex/Air        Unusable   N/A       N/A         5
 Agony                    Necr           Unusable   N/A       N/A         5
 Death Channel            Necr           Unusable   N/A       N/A         6

Dungeon Overview and Level Annotations

Branches:
Dungeon (11/15)            Temple (1/1) D:4            Lair (1/6) D:9
    Orc (0/2) D:9           IceCv (1/1)

Altars:
Ashenzari
Cheibriados
Dithmenos
Elyvilon
Fedhas
Gozag
Hepliaklqana
Kikubaaqudgha
Makhleb
Nemelex Xobeh
Okawaru
Qazlal
Ru
Sif Muna
Trog
Uskayaw
Vehumet
Wu Jian
Xom
Yredelemnul
Zin
The Shining One

Shops:
D:2 =

Annotations:
D:7 1 runed translucent door, MrNoob's ghost, novice MiBe
D:10 3 runed translucent doors


Innate Abilities, Weirdness & Mutations

You have very sharp teeth.
You cannot study or cast Fire magic.
You cannot study or cast Hexes magic.
You cannot study or cast Necromancy magic.
You are somewhat unskilled. (-1 Apt)
You are somewhat inexperienced. (-2 XL)
Your uncanny sense of smell can sniff out nearby items.
Your experience applies equally to all skills.


Message History

You hit the polar bear but do no damage.
You bite the polar bear, but do no damage.
The polar bear is moderately wounded.
Your +2 spectral club hits the polar bear.
Your lightning spire shoots out a bolt of lightning at the polar bear!
The bolt of electricity hits the polar bear! x2
The polar bear bites your lightning spire but does no damage.
The polar bear claws your lightning spire but does no damage. x2
You barely miss the polar bear.
The polar bear is severely wounded.
Your +2 spectral club hits the polar bear but does no damage.
Your +2 spectral club fades away.
Your lightning spire shoots out a bolt of lightning at the polar bear!
The bolt of electricity hits the polar bear. x2
The yak gores you. The yak barely misses you.
The polar bear goes berserk!
The polar bear bites your lightning spire.
Your lightning spire is destroyed!
You block the polar bear's attack. The polar bear closely misses you.
You block the polar bear's attack.
Casting: Summon Lightning Spire (dangerous; 32% risk of failure)
Confirm with . or Enter, or press ? or * to list all spells.
You miscast Summon Lightning Spire.
You are very lightly contaminated with residual magic.
Sparks of electricity dance around you!
* * * LOW HITPOINT WARNING * * *
You block the yak's attack. You block the polar bear's attack.
The polar bear barely misses you.
The polar bear claws you but does no damage.
You block the yak's attack.
Okay, then.
Unknown command.
As you read the scroll of fear, it crumbles to dust.
You assume a fearsome visage.
The polar bear is unaffected.
The yak looks frightened! x2; The polar bear closely misses you.
The polar bear claws you but does no damage.
You block the polar bear's attack. x2; The polar bear claws you.
* * * LOW HITPOINT WARNING * * *
You block the polar bear's attack. The polar bear bites you!
You die...

##...
#...#
...##
#...#
##...##
##...Y.##
#...∩...#
#...h...#
##..@.Y##
##...##
#####


You could see a polar bear (berserk) and 2 yaks.

Vanquished Creatures
  A cyclops (D:11)
  2 rime drakes (Lair:1)
  A troll (D:10)
  Grinder (D:3)
  3 yaks (D:10)
  A shadow (D:9)
  A wraith (D:9)
  2 wargs (D:9)
  2 acid dragons (D:9)
  A swamp drake (D:9)
  5 orc warriors
  A black bear (D:5)
  An ice beast (D:6)
  A hornet zombie (D:7)
  2 necrophages
  2 ogres
  A phantom (D:7)
  5 centaurs
  2 kobold brigands (D:8)
  2 gnoll sergeants
  4 bullfrogs
  2 scorpions
  2 water moccasin zombies (D:5)
  A wyvern skeleton (D:5)
  4 howler monkeys
  2 centaur zombies (D:10)
  4 hounds
  2 jellies
  10 orc priests
  A centaur skeleton (D:6)
  Jessica (D:2)
  An iguana (D:6)
  Terence (D:3)
  12 orc wizards
  A killer bee zombie (D:4)
  A howler monkey zombie (D:8)
  14 gnolls
  7 adders
  A howler monkey skeleton (D:6)
  3 shadow imps
  An ufetubus (D:5)
  A worm (D:2)
  2 dart slugs
  48 orcs
  6 ball pythons
  5 endoplasms
  2 giant cockroaches
  5 goblins
  8 hobgoblins
  4 quokkas
  4 bats
  5 frilled lizards
  10 kobolds
  6 rats
  A spectral orc (D:6)
219 creatures vanquished.

Vanquished Creatures (collateral kills)
  A wolf (IceCv)
1 creature vanquished.

Vanquished Creatures (others)
  An orc warrior (D:9)
  3 plants (Lair:1)
4 creatures vanquished.

Grand Total: 224 creatures vanquished

Notes
Turn   | Place    | Note
-------+----------+-------------------------------------------
     0 | D:1      | MisterFreud the Gnoll Fighter began the quest for the Orb.
     0 | D:1      | Reached XP level 1. HP: 23/23 MP: 1/1
   168 | D:1      | Reached XP level 2. HP: 28/29 MP: 2/2
  1156 | D:2      | Noticed Jessica
  1163 | D:1      | Reached XP level 3. HP: 35/35 MP: 3/3
  1454 | D:2      | Found Niakopp's Jewellery Shop.
  1487 | D:2      | Killed Jessica
  1488 | D:2      | Reached skill level 1 in Long Blades
  1488 | D:2      | Reached skill level 1 in Axes
  1488 | D:2      | Reached skill level 1 in Maces & Flails
  1488 | D:2      | Reached skill level 1 in Polearms
  1488 | D:2      | Reached skill level 1 in Staves
  1488 | D:2      | Reached skill level 1 in Slings
  1488 | D:2      | Reached skill level 1 in Bows
  1488 | D:2      | Reached skill level 1 in Crossbows
  1488 | D:2      | Reached skill level 1 in Throwing
  1488 | D:2      | Reached skill level 1 in Dodging
  1488 | D:2      | Reached skill level 1 in Stealth
  1488 | D:2      | Reached skill level 1 in Unarmed Combat
  1488 | D:2      | Reached skill level 1 in Spellcasting
  1488 | D:2      | Reached skill level 1 in Invocations
  1488 | D:2      | Reached skill level 1 in Evocations
  1488 | D:2      | Reached XP level 4. HP: 24/41 MP: 5/5
  2267 | D:3      | Reached skill level 1 in Conjurations
  2267 | D:3      | Reached skill level 1 in Hexes
  2267 | D:3      | Reached skill level 1 in Summonings
  2267 | D:3      | Reached skill level 1 in Necromancy
  2267 | D:3      | Reached skill level 1 in Translocations
  2267 | D:3      | Reached skill level 1 in Transmutations
  2267 | D:3      | Reached skill level 1 in Fire Magic
  2267 | D:3      | Reached skill level 1 in Ice Magic
  2267 | D:3      | Reached skill level 1 in Air Magic
  2267 | D:3      | Reached skill level 1 in Earth Magic
  2267 | D:3      | Reached skill level 1 in Poison Magic
  2366 | D:3      | Noticed Terence
  2378 | D:3      | Killed Terence
  2379 | D:3      | Reached XP level 5. HP: 39/47 MP: 6/6
  2479 | D:3      | Noticed Grinder
  2496 | D:3      | Killed Grinder
  2497 | D:3      | Reached skill level 5 in Short Blades
  2497 | D:3      | Reached XP level 6. HP: 41/53 MP: 6/9
  3212 | D:4      | Reached XP level 7. HP: 40/59 MP: 10/10
  3340 | D:4      | Found the ring of the Mage {Wiz Will++ Int+3}
  4128 | D:4      | Reached XP level 8. HP: 21/67 MP: 12/12
  4455 | D:4      | Found a staircase to the Ecumenical Temple.
  4829 | Temple   | Entered the Ecumenical Temple
  5149 | Temple   | Became a worshipper of Ru the Awakened
  5198 | D:5      | Entered Level 5 of the Dungeon
  5405 | D:5      | Found a bloodstained altar of Trog.
  5406 | D:5      | You fall into a shaft and drop 1 floor!
  6268 | D:5      | Reached XP level 9. HP: 72/72 MP: 14/14
  6457 | D:5      | Gained mutation: You are somewhat inexperienced. (-2 XL)
                  | [Ru sacrifice]
  6457 | D:5      | Reached XP level 8. HP: 58/68 MP: 14/14
  6457 | D:5      | Reached XP level 7. HP: 58/61 MP: 13/13
  6457 | D:5      | Reached * piety under Ru
  6457 | D:5      | Reached ** piety under Ru
  6955 | D:5      | Found a shimmering altar of Xom.
  6955 | D:5      | Found a stormy altar of Qazlal.
  7294 | D:6      | Found a basalt altar of Yredelemnul.
  7879 | D:7      | Found a glowing silver altar of Zin.
  7879 | D:7      | Noticed an angel
  7903 | D:7      | Found a runed translucent door.
  9096 | D:7      | Noticed MrNoob's ghost (novice MiBe)
  9213 | D:8      | Reached skill level 5 in Invocations
  9976 | D:8      | Gained mutation: You cannot study or cast Fire magic. [Ru
                  | sacrifice]
  9976 | D:8      | Gained mutation: You cannot study or cast Hexes magic. [Ru
                  | sacrifice]
  9976 | D:8      | Gained mutation: You cannot study or cast Necromancy magic.
                  | [Ru sacrifice]
  9976 | D:8      | Reached *** piety under Ru
 10354 | D:8      | Reached XP level 8. HP: 67/68 MP: 15/15
 11050 | D:8      | Found an ancient bone altar of Kikubaaqudgha.
 11507 | D:9      | Reached skill level 5 in Long Blades
 11507 | D:9      | Reached skill level 5 in Axes
 11507 | D:9      | Reached skill level 5 in Maces & Flails
 11507 | D:9      | Reached skill level 5 in Polearms
 11507 | D:9      | Reached skill level 5 in Staves
 11507 | D:9      | Reached skill level 5 in Slings
 11507 | D:9      | Reached skill level 5 in Bows
 11507 | D:9      | Reached skill level 5 in Crossbows
 11507 | D:9      | Reached skill level 5 in Throwing
 11507 | D:9      | Reached skill level 5 in Dodging
 11507 | D:9      | Reached skill level 5 in Stealth
 11507 | D:9      | Reached skill level 5 in Unarmed Combat
 11507 | D:9      | Reached skill level 5 in Spellcasting
 11507 | D:9      | Reached skill level 5 in Evocations
 11788 | D:9      | Found a staircase to the Lair.
 11838 | D:9      | HP: 1/69 [orc priest/divine providence (12)]
 11861 | D:9      | HP: 3/69 [something/magic dart (4)]
 11861 | D:9      | HP: 1/69 [something (2)]
 12202 | D:9      | Identified a scroll of acquirement
 12206 | D:9      | Acquired the amulet of Butchery {Reflect +Inv rF+ Dex-3
                  | Slay+3 SH+5}
 12240 | D:9      | Acquired the Reference Book on Clay and Companions
 12286 | D:9      | Found a hazy altar of Hepliaklqana.
 12466 | D:9      | Learned a level 4 spell: Summon Lightning Spire
 12582 | D:9      | Found a staircase to the Orcish Mines.
 12831 | D:9      | Identified the +1 animal skin "Vifanor" {rPois rC++ Slay-2
                  | Stlth+}
 13670 | D:10     | Entered Level 10 of the Dungeon
 14013 | D:10     | Found an iron altar of Okawaru.
 14013 | D:10     | Found a sparkling altar of Nemelex Xobeh.
 14022 | D:10     | Gained mutation: You are somewhat unskilled. (-1 Apt) [Ru
                  | sacrifice]
 14022 | D:10     | Reached **** piety under Ru
 14101 | D:10     | Found a snail-covered altar of Cheibriados.
 14214 | D:10     | Reached skill level 5 in Long Blades
 14214 | D:10     | Reached skill level 5 in Axes
 14214 | D:10     | Reached skill level 5 in Maces & Flails
 14214 | D:10     | Reached skill level 5 in Polearms
 14214 | D:10     | Reached skill level 5 in Staves
 14214 | D:10     | Reached skill level 5 in Slings
 14214 | D:10     | Reached skill level 5 in Bows
 14214 | D:10     | Reached skill level 5 in Crossbows
 14214 | D:10     | Reached skill level 5 in Throwing
 14214 | D:10     | Reached skill level 5 in Dodging
 14214 | D:10     | Reached skill level 5 in Stealth
 14214 | D:10     | Reached skill level 5 in Unarmed Combat
 14214 | D:10     | Reached skill level 5 in Spellcasting
 14214 | D:10     | Reached skill level 5 in Evocations
 14615 | D:10     | Found a runed translucent gate.
 14615 | D:10     | Found a runed translucent gate.
 14615 | D:10     | Found a runed translucent gate.
 14618 | D:10     | Noticed a purple ugly thing
 14619 | D:10     | Noticed a red ugly thing
 14619 | D:10     | Noticed a white ugly thing
 14619 | D:10     | Noticed a red ugly thing
 14619 | D:10     | Noticed a white ugly thing
 14621 | D:10     | Noticed a purple very ugly thing
 14622 | D:10     | Noticed a glowing orange brain
 14692 | D:11     | Noticed a cyclops
 14717 | D:11     | Killed a cyclops
 15069 | Lair:1   | Entered Level 1 of the Lair of Beasts
 15093 | Lair:1   | Found a frozen archway.
 15106 | Lair:1   | Reached XP level 9. HP: 45/74 MP: 15/17
 15112 | IceCv    | Entered an ice cave
 15129 | IceCv    | Slain by a polar bear

Illustrated notes

Levels and vault maps discovered:
D:1:      evilmike_arrival_plus, layout_basic, chequers_hall_statues_y,
          skrybe_limestone_x
D:2:      layout_basic, serial_shops,
          nicolae_shop_temple_entry_statues_fountains, minmay_tetromino_o2,
          uniq_jessica
D:3:      layout_loops_cross, serial_park_tiny_1, uniq_terence, uniq_grinder
D:4:      layout_loops_ring, minmay_temple_entry_arrows
D:5:      layout_loops_ring, gammafunk_temple_overflow_statue,
          mainiacjoe_overflow_six_doors_small, chequers_avenue,
          minmay_tree_intersection, serial_bayou_pond_b
D:6:      layout_loops_cross, yredelemnul_forgotten_temple_becter
D:7:      layout_basic, zin_angel, ebering_ghost_reflecting_pool,
          minmay_misc_feat_ornament
D:8:      layout_layer_cave, kennysheep_little_box
D:9:      layout_stronghold, nicolae_hepliaklqana_hippocampus,
          erik_lair_orcish_takeover, erik_orc_1
D:10:     layout_rooms, mainiacjoe_overflow_chevrons,
          chequers_temple_overflow_statue_of_worship,
          ploomutoo_gammafunk_ghost_potion_laboratory
D:11:     layout_grid_maze, kennysheep_flooded_box, uniq_sonja
Temple:   minmay_temple_forest_path
Lair:1:   layout_layer_cave, portal_ice_cave_rime, cheibrodos_lair_lostbears,
          infiniplex_staircase_pool_2, grunt_megastairs_2
IceCv:    ice_cave_small_giant

Skill      XL: |  1  2  3  4  5  6  7  8  9 |
---------------+----------------------------+-----
Long Blades    | 1 2 5 4 |  5.3
Axes           | 1 2 5 4 |  5.3
Maces & Flails | 1 2 5 4 |  5.3
Polearms       | 1 2 5 4 |  5.3
Staves         | 1 2 5 4 |  5.3
Slings         | 1 2 5 4 |  5.3
Bows           | 1 2 5 4 |  5.3
Crossbows      | 1 2 5 4 |  5.3
Throwing       | 1 2 5 4 |  5.3
Dodging        | 1 2 5 4 |  5.3
Stealth        | 1 2 5 4 |  5.3
Unarmed Combat | 1 2 5 4 |  5.3
Spellcasting   | 1 2 5 4 |  5.3
Invocations    | 1 2 5 4 |  5.8
Evocations     | 1 2 5 4 |  5.3
Conjurations   | 1 4 3 |  4.4
Hexes          | 1 0 3 |  0.0
Summonings     | 1 4 3 |  4.4
Necromancy     | 1 0 3 |  0.0
Translocations | 1 4 3 |  4.4
Transmutations | 1 4 3 |  4.4
Fire Magic     | 1 0 3 |  0.0
Ice Magic      | 1 4 3 |  4.4
Air Magic      | 1 4 3 |  4.4
Earth Magic    | 1 4 3 |  4.4
Poison Magic   | 1 4 3 |  4.4
Short Blades   | 5 6 |  6.8
Fighting       | 8 8 |  8.1
Armour         | 8 8 |  8.1
Shields        | 8 8 |  8.1

Action                   |  1- 3 |  4- 6 |  7- 9 || total
-------------------------+-------+-------+-------++-------
Melee: Rapier            |    76 |     8 |       ||    84
       Bite              |    11 |    15 |    95 ||   121
       Club              |       |    84 |   668 ||   752
 Cast: Summon Lightning  |       |       |     1 ||     1
Invok: Sacrifice Arcana  |       |       |     1 ||     1
       Sacrifice Experie |       |       |     1 ||     1
       Sacrifice Skill   |       |       |     1 ||     1
Evoke: Wand              |       |       |     6 ||     6
  Use: Scroll            |       |       |    19 ||    19
       Potion            |       |       |     5 ||     5
 Stab: Distracted        |       |       |    14 ||    14
       Sleeping          |       |       |     2 ||     2
       Invisible         |       |       |     1 ||     1
Armor: Scale mail        |    15 |    37 |   153 ||   205
       Acid dragon scale |       |       |    30 ||    30
       Skin              |       |       |     9 ||     9
Dodge: Dodged            |    17 |    27 |   213 ||   257
Block: Kite shield       |    38 |    39 |   399 ||   476
       Reflection        |       |       |     1 ||     1
